 Dungeon Crawl Stone Soup version 0.31.0-12-g77e489cdc1 (webtiles) character file.

Game seed: 11126995178569547801

56 spaghetti the Shooter (level 3, 0/27 HPs)
             Began as a Demonspawn Hunter on Feb 16, 2024.
             Slain by a gnoll
             ... wielding a +0 spear
              (6 damage)
             ... on level 2 of the Dungeon.
             The game lasted 00:01:03 (847 turns).

spaghetti the Shooter (Demonspawn Hunter)            Turns: 847, Time: 00:01:04

Health: 0/27       AC:  5    Str: 11    XL:     3   Next: 69%
Magic:  3/3        EV: 12    Int:  9    God:
Gold:   140        SH:  0    Dex: 20    Spells: 2/2 levels left

rFire   . . .        a - +0 shortbow
rCold   . . .        (shield currently unavailable)
rNeg    . . .        c - +0 leather armour
rPois   .            (no helmet)
rElec   .            (no cloak)
rCorr   .            h - +1 pair of gloves
SInv    .            (no boots)
Will    .....        (no amulet)
Stlth   +++          (no ring)
HPRegen 0.24/turn    (no ring)
MPRegen 0.08/turn

%: no passive effects
@: no status effects
A: thin skeletal structure 1
a: no special abilities


You were on level 2 of the Dungeon.
You visited 1 branch of the dungeon, and saw 2 of its levels.

You collected 140 gold pieces.

Inventory:

Hand Weapons
 a - a +0 shortbow (weapon)
Armour
 c - a +0 leather armour (worn)
 h - a +1 pair of gloves (worn)
Jewellery
 g - a ring of ice
Scrolls
 b - a scroll of butterflies
 e - 2 scrolls of enchant armour
 f - a scroll of enchant weapon {unknown}
 k - a scroll of amnesia {unknown}
Potions
 d - a potion of heal wounds {unknown}
 i - a potion of lignification {unknown}
 j - a potion of haste {unknown}
 l - a potion of enlightenment {unknown}


   Skills:
 - Level 2.0 Fighting
 + Level 4.9 Ranged Weapons
 - Level 1.7 Dodging
 - Level 0.8 Stealth


You had 2 spell levels left.
You didn't know any spells.
Your spell library was empty.

Dungeon Overview and Level Annotations

Branches:
Dungeon (2/15)

Altars:


Innate Abilities, Weirdness & Mutations

You have a somewhat thin skeletal structure. (Dex +2, Stealth+)


Message History

Fire: a) +0 shortbow
Press: ? - help, Q - select action Shift-Dir - straight line, f/p - gnoll
Aim: a gnoll, wielding a +0 spear (69% to hit)
You shoot an arrow. The arrow hits the gnoll.
The gnoll is moderately wounded.
The gnoll barely misses you.
Fire: a) +0 shortbow
Press: ? - help, Q - select action Shift-Dir - straight line, f/p - gnoll
Aim: a gnoll, wielding a +0 spear (moderately wounded, 69% to hit)
You shoot an arrow. The arrow hits the gnoll.
The gnoll is moderately wounded.
Fire: a) +0 shortbow
Press: ? - help, Q - select action Shift-Dir - straight line, f - gnoll
Aim: a gnoll, wielding a +0 flail (moderately wounded, 69% to hit)
You shoot an arrow.
The arrow hits the gnoll but does no damage.
The gnoll is moderately wounded.
The gnoll barely misses you.
Fire: a) +0 shortbow
Press: ? - help, Q - select action Shift-Dir - straight line, f/p - gnoll
Aim: a gnoll, wielding a +0 flail (moderately wounded, 69% to hit)
You shoot an arrow. The arrow hits the gnoll.
The gnoll is severely wounded.
The gnoll hits you from afar with a +0 spear.
Fire: a) +0 shortbow
Press: ? - help, Q - select action Shift-Dir - straight line, f/p - gnoll
Aim: a gnoll, wielding a +0 flail (severely wounded, 69% to hit)
You shoot an arrow. The arrow barely misses the gnoll.
The gnoll closely misses you. The gnoll hits you with a +0 flail!
* * * LOW HITPOINT WARNING * * *
The gnoll hits you with a +0 flail.
* * * LOW HITPOINT WARNING * * *
The gnoll closely misses you.
Fire: a) +0 shortbow
Press: ? - help, Q - select action Shift-Dir - straight line, f/p - gnoll
Aim: a gnoll, wielding a +0 flail (severely wounded, 69% to hit)
You shoot an arrow. The arrow hits the gnoll.
The gnoll is severely wounded.
The gnoll hits you from afar with a +0 spear.
You die...

... ##### ....
#####.....
.... #.......#
.†..)#.......#
...#.......#
.g.......#
#.g.†..(#
#.@.....#
##.......#
#...######
#...# #...#
#...#
.#.#####...#
...........#
.#..####...#


You could see 2 gnolls.

Vanquished Creatures
  An adder (D:2)
  3 dart slugs (D:1)
  2 ball pythons (D:1)
  6 endoplasms (D:1)
  2 giant cockroaches (D:1)
  3 goblins
  3 hobgoblins (D:2)
  3 quokkas
  7 bats
  A frilled lizard (D:1)
  2 kobolds
  4 rats
37 creatures vanquished.

Notes
Turn   | Place    | Note
-------+----------+-------------------------------------------
     0 | D:1      | spaghetti the Demonspawn Hunter began the quest for the
                  | Orb.
     0 | D:1      | Reached XP level 1. HP: 16/16 MP: 1/1
    96 | D:1      | Reached skill level 4 in Ranged Weapons
    98 | D:1      | Gained mutation: You have a somewhat thin skeletal
                  | structure. (Dex +2, Stealth+) [demonic ancestry]
    98 | D:1      | Reached XP level 2. HP: 22/22 MP: 2/2
   336 | D:1      | Reached XP level 3. HP: 27/27 MP: 3/3
   847 | D:2      | Slain by a gnoll

Illustrated notes

Levels and vault maps discovered:
D:1:      psy_arrival_radial01, layout_basic
D:2:      layout_basic

Skill      XL: |  1 |
---------------+----+-----
Ranged Weapons | 4 |  4.9
Fighting       | |  2.0
Dodging        | |  1.7
Stealth        | |  0.8

Action                     || total
---------------------------++-------
   Fire: Shortbow          ||   102
    Use: Scroll            ||     4
 Armour: Leather armour    ||    22
  Dodge: Dodged            ||    24
